WCHLSIM.com - West Coast Hockey League
html PUBLIC "-//W3C//DTD XHTML 1.0 Transitional//EN" "http://www.w3.org/TR/xhtml1/DTD/xhtml1-transitional.dtd"> WCHL - Game 623 - ANCHORAGE ACES vs EDMONTON ICE

ANCHORAGE ACES vs EDMONTON ICE

Created - 11 février 2021 at 22:25

Goals
1 2 3 T
ANCHORAGE ACES 2 1 0 3
EDMONTON ICE 0 1 1 2
Shots
1 2 3 T
ANCHORAGE ACES 16 9 10 35
EDMONTON ICE 7 12 10 29

1st period

1. ANCHORAGE ACES , Curtis Lazar 5 (Cal Clutterbuck 12, Shea Weber 13) at 9:33
2. ANCHORAGE ACES , Ben Chiarot 6 (Nathan MacKinnon 29, Chris Kreider 19) at 14:41 (PP)

Penalties :
Connor McDavid (ANC) for Roughing (Minor) at 6:05, Anthony Mantha (EDM) for Roughing (Minor) at 6:48, Shea Theodore (EDM) for Roughing (Minor) at 13:19, Timo Meier (EDM) for Interference (Minor) at 15:41

2nd period

3. ANCHORAGE ACES , Nathan MacKinnon 23 (Connor McDavid 34, Seth Jones 14) at 3:31
4. EDMONTON ICE , Ryan O'Reilly 18 (Anthony Mantha 24) at 9:24

Penalties :
Ondrej Kase (EDM) for Holding (Minor) at 1:31, Anthony Bitetto (EDM) for Tripping (Minor) at 7:12, Ben Chiarot (ANC) for Slashing (Minor) at 14:47, Nathan Beaulieu (ANC) for Tripping (Minor) at 17:37

3rd period

5. EDMONTON ICE , Vincent Trocheck 11 (Timo Meier 29, Patric Hornqvist 22) at 7:51

Penalties :
Shea Weber (ANC) for Roughing (Minor) at 1:33, Carl Gunnarsson (ANC) for Cross-checking (Minor) at 4:35, Cal Clutterbuck (ANC) for Tripping (Minor) at 16:36

Goalie Stats

Carey Price (ANC), 27 saves from 29 shots - (0,931), W, 14-9-4, 60:00 minutes
Philipp Grubauer (EDM), 32 saves from 35 shots - (0,914), L, 20-7-2, 59:26 minutes

Players Stats for ANCHORAGE ACES

Player Name              G  A  P  +/- PIM S  H  SB GA TA FO     MP     PP MP  PK MP  
------------------------------------------------------------------------------------
Artturi Lehkonen         0  0  0   1  0   0  0  0  0  0  0/1    11:04   0:00   0:49 
Ben Chiarot              1  0  1   0  2   2  2  1  0  0  0/0    22:54   4:35   4:21 
Cal Clutterbuck          0  1  1   1  2   1  1  0  0  0  0/0    12:54   0:00   2:56 
Carl Gunnarsson          0  0  0   0  2   0  0  2  0  0  0/0    11:28   0:00   0:00 
Chris Kreider            0  1  1   0  0   3  2  1  0  0  1/2    15:56   4:05   0:00 
Connor McDavid           0  1  1   0  2   3  0  0  0  0  11/24  18:02   4:05   0:00 
Curtis Lazar             1  0  1   1  0   2  0  0  0  0  4/10    9:59   0:00   0:00 
Jacob de la Rose         0  0  0  -1  0   3  2  0  0  0  5/8     8:01   0:00   3:45 
Jakob Silfverberg        0  0  0   0  0   4  1  2  0  0  0/1    22:41   3:57   6:53 
Michael Frolik           0  0  0  -1  0   0  0  0  0  0  0/0     4:16   0:00   0:00 
Nate Thompson            0  0  0  -1  0   0  1  0  0  0  0/3     5:16   0:00   0:00 
Nathan Beaulieu          0  0  0   0  2   0  0  0  0  0  0/0    11:43   0:00   0:15 
Nathan MacKinnon         1  1  2   0  0   8  0  0  0  0  2/5    19:03   4:05   0:00 
Nikolaj Ehlers           0  0  0   0  0   4  1  0  0  0  1/3    18:11   3:57   0:00 
Phillip Danault          0  0  0   0  0   4  0  0  0  0  12/26  22:41   3:57   6:53 
Seth Jones               0  1  1   0  0   1  1  0  0  0  0/0    25:03   3:27   5:44 
Shea Weber               0  1  1   0  2   0  2  0  0  0  0/0    24:46   3:27   5:28 
Zachary Werenski         0  0  0   0  0   0  0  0  0  0  0/0    24:02   4:35   5:28 

Players Stats for EDMONTON ICE

Player Name              G  A  P  +/- PIM S  H  SB GA TA FO     MP     PP MP  PK MP  
------------------------------------------------------------------------------------
Anthony Bitetto          0  0  0   0  2   0  2  1  0  0  0/0    14:15   0:00   2:50 
Anthony Mantha           0  1  1   1  2   2  1  0  0  0  1/2    21:29   5:42   0:37 
Boone Jenner             0  0  0   0  0   1  1  0  0  0  10/15  12:49   0:00   4:17 
Brendan Perlini          0  0  0   0  0   0  0  0  0  0  0/0     0:00   0:00   0:00 
Colton Parayko           0  0  0  -1  0   2  0  1  0  0  0/0    25:15   4:50   4:36 
Jack Johnson             0  0  0   0  0   0  0  1  0  0  0/0    16:27   0:00   3:13 
Jeff Petry               0  0  0  -1  0   0  0  1  0  0  0/0    23:19   5:48   0:37 
Joel Eriksson Ek         0  0  0   0  0   0  0  1  0  0  0/0    15:47   4:55   1:19 
Mathieu Perreault        0  0  0   0  0   0  0  0  0  0  0/0     6:50   0:00   3:08 
Mikko Koivu              0  0  0   0  0   0  0  0  0  0  4/7     7:55   0:00   3:21 
Ondrej Kase              0  0  0   0  2   0  1  2  0  0  0/0    15:44   0:00   3:22 
Patric Hornqvist         0  1  1  -1  0   7  0  0  0  0  3/4    17:26   4:55   0:00 
Phil Kessel              0  0  0   1  0   2  0  0  0  0  1/4    15:10   0:00   0:00 
Ryan Graves              0  0  0   1  0   0  3  2  0  0  0/0    21:19   4:50   3:29 
Ryan O'Reilly            1  0  1   1  0   5  0  1  0  0  18/28  21:17   5:43   0:00 
Shea Theodore            0  0  0   1  2   1  2  0  0  0  0/0    19:23   5:48   1:19 
Timo Meier               0  1  1  -1  2   6  2  0  0  0  0/0    18:46   5:43   0:00 
Vincent Trocheck         1  0  1  -1  0   3  1  0  0  0  10/23  17:26   4:55   0:00 

3 Stars

1 - Nathan MacKinnon (ANC)
2 - Curtis Lazar (ANC)
3 - Ryan O'Reilly (EDM)

Power Play

ANCHORAGE ACES - 1 on 5 Attempt(s) - 20,00%
EDMONTON ICE - 0 on 6 Attempt(s) - 0,00%

Penalty Kill

ANCHORAGE ACES - 6 on 6 Attempt(s) - 100,00% - Score 0 goal in Penalty Kill
EDMONTON ICE - 4 on 5 Attempt(s) - 80,00% - Score 0 goal in Penalty Kill

Team Stat

ANCHORAGE ACES - Hits : 13 - Faceoff Wins : 36 - Blocked Shots : 6 - Penalty Minutes : 12
EDMONTON ICE - Hits : 13 - Faceoff Wins : 47 - Blocked Shots : 10 - Penalty Minutes : 10

Official

Referees : Jake Brenk and Sean MacFarlane
Linesman : Tyson Baker and Kelsey Mahoney

Game Notes

No Game Note

Finance

Level 1 -- Attendance: 5391 (89,85%) -- Ticket Income 1 024 290 $
Level 2 -- Attendance: 4005 (80,10%) -- Ticket Income 500 625 $
Level 3 -- Attendance: 1998 (99,90%) -- Ticket Income 199 800 $
Level 4 -- Attendance: 3827 (63,78%) -- Ticket Income 248 755 $
Luxury Box -- Attendance: 877 (87,70%) -- Ticket Income 298 180 $
Total Attendance: 16098 (80,49%)
Total Ticket Income: 2 271 650 $
Other Expense: 22 716 $
Total Income: 2 248 934 $

ANCHORAGE ACES

5 vs 5 Forward 
   Center                   Left Wing                Right Wing               Time % Phy DF OF 
 1 Connor McDavid           Nikolaj Ehlers           Nathan MacKinnon         37     0   0  5  
 2 Phillip Danault          Chris Kreider            Jakob Silfverberg        33     0   1  4  
 3 Curtis Lazar             Artturi Lehkonen         Cal Clutterbuck          20     1   2  2  
 4 Jacob de la Rose         Nate Thompson            Michael Frolik           10     1   2  2  

5 vs 5 Defense 
   Defense                  Defense                                           Time % Phy DF OF 
 1 Shea Weber               Seth Jones                                        36     1   2  2  
 2 Zachary Werenski         Ben Chiarot                                       31     1   2  2  
 3 Carl Gunnarsson          Nathan Beaulieu                                   23     1   2  2  
 4 Shea Weber               Seth Jones                                        10     1   2  2  

PowerPlay Forward 
   Center                   Left Wing                Right Wing               Time % Phy DF OF 
 1 Nathan MacKinnon         Chris Kreider            Connor McDavid           55     0   0  5  
 2 Phillip Danault          Nikolaj Ehlers           Jakob Silfverberg        45     0   0  5  

PowerPlay Defense
   Defense                  Defense                                           Time % Phy DF OF 
 1 Shea Weber               Seth Jones                                        55     1   2  2  
 2 Zachary Werenski         Ben Chiarot                                       45     1   2  2  

Penalty Kill 4 Players Forward 
   Center                   Wing                     Time % Phy DF OF 
 1 Phillip Danault          Jakob Silfverberg        55     1   3  1  
 2 Jacob de la Rose         Cal Clutterbuck          45     1   3  1  

Penalty Kill 4 Players Defense
   Defense                  Defense                  Time % Phy DF OF 
 1 Seth Jones               Shea Weber               55     1   3  1  
 2 Ben Chiarot              Zachary Werenski         45     1   3  1  

Penalty Kill - 3 Players Forward 
   Forward                                           Time % Phy DF OF 
 1 Phillip Danault                                   55     0   5  0  
 2 Cal Clutterbuck                                   45     0   5  0  

Penalty Kill - 3 Players Defense
   Defense                  Defense                  Time % Phy DF OF 
 1 Seth Jones               Shea Weber               55     0   5  0  
 2 Nathan Beaulieu          Carl Gunnarsson          45     0   5  0  

4 vs 4 Forward 
   Center                   Wing                     Time % Phy DF OF 
 1 Connor McDavid           Nathan MacKinnon         55     1   2  2  
 2 Nikolaj Ehlers           Artturi Lehkonen         45     1   2  2  

4 vs 4 Defense
   Defense                  Defense                  Time % Phy DF OF 
 1 Shea Weber               Seth Jones               55     1   2  2  
 2 Carl Gunnarsson          Nathan Beaulieu          45     1   2  2  

Last Minutes Offensive
   Center                   Left Wing                Right Wing               Defense                  Defense                  
   Nathan MacKinnon         Nikolaj Ehlers           Connor McDavid           Shea Weber               Seth Jones               

Last Minutes Defensive
   Center                   Left Wing                Right Wing               Defense                  Defense                  
   Phillip Danault          Chris Kreider            Jakob Silfverberg        Shea Weber               Seth Jones               

Goaltenders
Starting : Carey Price              
Backup : James Reimer             

Extra Forwards
Normal : Curtis Lazar, Nathan MacKinnon, Connor McDavid - PP : Chris Kreider, Jakob Silfverberg - PK : Jacob de la Rose
Extra Defensemen
Normal : Seth Jones, Shea Weber, Zachary Werenski - PP : Seth Jones - PK : Ben Chiarot, Shea Weber
Penalty Shots
Curtis Lazar, Nathan MacKinnon, Connor McDavid, Chris Kreider, Jakob Silfverberg
Custom OT Lines Forwards
Nathan MacKinnon, Nikolaj Ehlers, Connor McDavid, Chris Kreider, Phillip Danault, Jakob Silfverberg, Artturi Lehkonen, Curtis Lazar, Jacob de la Rose, Michael Frolik
Custom OT Lines Defensemen
Seth Jones, Shea Weber, Zachary Werenski, Ben Chiarot, Carl Gunnarsson

Scratches
Robert Bortuzzo (Torso Injury)

EDMONTON ICE

5 vs 5 Forward 
   Center                   Left Wing                Right Wing               Time % Phy DF OF 
 1 Ryan O'Reilly            Anthony Mantha           Phil Kessel              37     0   2  3  
 2 Vincent Trocheck         Timo Meier               Patric Hornqvist         34     0   2  3  
 3 Boone Jenner             Joel Eriksson Ek         Ondrej Kase              23     1   2  2  
 4 Mikko Koivu              Mathieu Perreault        Ondrej Kase              6      0   4  1  

5 vs 5 Defense 
   Defense                  Defense                                           Time % Phy DF OF 
 1 Jeff Petry               Colton Parayko                                    37     1   2  2  
 2 Shea Theodore            Ryan Graves                                       33     1   2  2  
 3 Jack Johnson             Anthony Bitetto                                   23     0   4  1  
 4 Jack Johnson             Jeff Petry                                        7      0   3  2  

PowerPlay Forward 
   Center                   Left Wing                Right Wing               Time % Phy DF OF 
 1 Ryan O'Reilly            Timo Meier               Anthony Mantha           55     0   1  4  
 2 Vincent Trocheck         Joel Eriksson Ek         Patric Hornqvist         45     0   1  4  

PowerPlay Defense
   Defense                  Defense                                           Time % Phy DF OF 
 1 Jeff Petry               Shea Theodore                                     55     0   1  4  
 2 Ryan Graves              Colton Parayko                                    45     0   1  4  

Penalty Kill 4 Players Forward 
   Center                   Wing                     Time % Phy DF OF 
 1 Boone Jenner             Ondrej Kase              57     1   3  1  
 2 Mikko Koivu              Mathieu Perreault        43     1   3  1  

Penalty Kill 4 Players Defense
   Defense                  Defense                  Time % Phy DF OF 
 1 Colton Parayko           Ryan Graves              57     0   3  2  
 2 Jack Johnson             Anthony Bitetto          43     0   3  2  

Penalty Kill - 3 Players Forward 
   Forward                                           Time % Phy DF OF 
 1 Boone Jenner                                      55     0   4  1  
 2 Mikko Koivu                                       45     0   4  1  

Penalty Kill - 3 Players Defense
   Defense                  Defense                  Time % Phy DF OF 
 1 Colton Parayko           Ryan Graves              55     0   4  1  
 2 Jack Johnson             Jeff Petry               45     0   4  1  

4 vs 4 Forward 
   Center                   Wing                     Time % Phy DF OF 
 1 Ryan O'Reilly            Timo Meier               55     1   2  2  
 2 Mikko Koivu              Joel Eriksson Ek         45     1   2  2  

4 vs 4 Defense
   Defense                  Defense                  Time % Phy DF OF 
 1 Jeff Petry               Colton Parayko           55     1   2  2  
 2 Jack Johnson             Ryan Graves              45     1   2  2  

Last Minutes Offensive
   Center                   Left Wing                Right Wing               Defense                  Defense                  
   Ryan O'Reilly            Timo Meier               Anthony Mantha           Jeff Petry               Shea Theodore            

Last Minutes Defensive
   Center                   Left Wing                Right Wing               Defense                  Defense                  
   Boone Jenner             Ondrej Kase              Timo Meier               Ryan Graves              Colton Parayko           

Goaltenders
Starting : Philipp Grubauer         
Backup : Jack Campbell            

Extra Forwards
Normal : Timo Meier, Joel Eriksson Ek, Ondrej Kase - PP : Phil Kessel, Ondrej Kase - PK : Joel Eriksson Ek
Extra Defensemen
Normal : Shea Theodore, Colton Parayko, Jeff Petry - PP : Jack Johnson - PK : Shea Theodore, Ryan Graves
Penalty Shots
Ryan O'Reilly, Anthony Mantha, Timo Meier, Vincent Trocheck, Patric Hornqvist
Custom OT Lines Forwards
Ryan O'Reilly, Anthony Mantha, Vincent Trocheck, Timo Meier, Patric Hornqvist, Phil Kessel, Joel Eriksson Ek, Ondrej Kase, Mikko Koivu, Boone Jenner
Custom OT Lines Defensemen
Jeff Petry, Ryan Graves, Colton Parayko, Shea Theodore, Jack Johnson

Scratches
Calvin De Haan (Upper Body Injury)

% Time on Ice - ANCHORAGE ACES

Lines # - Real PCT - Wanted PCT - Time Play
Normal Forward
1 - 35% - 37% - 13:58
2 - 30% - 33% - 11:51
3 - 25% - 20% - 9:59
4 - 11% - 10% - 4:16
Normal Defense
1 - 34% - 36% - 13:40
2 - 35% - 31% - 13:59
3 - 29% - 23% - 11:29
4 - 2% - 10% - 0:56
PP Forward
1 - 51% - 55% - 4:05
2 - 49% - 45% - 3:57
PP Defense
1 - 43% - 55% - 3:27
2 - 57% - 45% - 4:35
PK Forward
1 - 65% - 55% - 6:53
2 - 35% - 45% - 3:45
PK Defense
1 - 54% - 55% - 5:44
2 - 46% - 45% - 4:54
PK3 Forward
1 - 0% - 55%
2 - 0% - 45%
PK3 Defense
1 - 0% - 55%
2 - 0% - 45%
44 Forward
1 - 79% - 55% - 1:00
2 - 21% - 45% - 0:16
44 Defense
1 - 100% - 55% - 1:16
2 - 0% - 45% - 0:00
Last Minute Offensive  - 0:00
Last Minute Defensive  - 0:00
Total
Forward - 60:00
Defense - 60:00

% Time on Ice - EDMONTON ICE

Lines # - Real PCT - Wanted PCT - Time Play
Normal Forward
1 - 38% - 37% - 15:10
2 - 31% - 34% - 12:31
3 - 21% - 23% - 8:32
4 - 9% - 6% - 3:42
Normal Defense
1 - 39% - 37% - 15:25
2 - 30% - 33% - 12:08
3 - 28% - 23% - 11:17
4 - 3% - 7% - 1:05
PP Forward
1 - 54% - 55% - 5:43
2 - 46% - 45% - 4:55
PP Defense
1 - 55% - 55% - 5:48
2 - 45% - 45% - 4:50
PK Forward
1 - 61% - 57% - 4:54
2 - 39% - 43% - 3:08
PK Defense
1 - 60% - 57% - 4:49
2 - 40% - 43% - 3:13
PK3 Forward
1 - 0% - 55%
2 - 0% - 45%
PK3 Defense
1 - 0% - 55%
2 - 0% - 45%
44 Forward
1 - 32% - 55% - 0:24
2 - 68% - 45% - 0:52
44 Defense
1 - 32% - 55% - 0:24
2 - 68% - 45% - 0:52
Last Minute Offensive  - 0:09
Last Minute Defensive  - 0:00
Total
Forward - 60:00
Defense - 60:00

Play-by-Play

1st period


0:01 of 1st period - Connor McDavid wins face-off versus Ryan O'Reilly in neutral zone.
0:15 of 1st period - Icing by Shea Weber.
0:16 of 1st period - Connor McDavid wins face-off versus Vincent Trocheck in ANCHORAGE ACES zone.
0:28 of 1st period - Icing by Ryan Graves.
0:29 of 1st period - Phillip Danault wins face-off versus Vincent Trocheck in EDMONTON ICE zone.
0:32 of 1st period - Shot by Jakob Silfverberg.
0:32 of 1st period - Stopped by Philipp Grubauer with a rebound.
0:49 of 1st period - Patric Hornqvist is hit by Ben Chiarot and loses puck.
1:00 of 1st period - Shot by Patric Hornqvist.
1:00 of 1st period - Stopped by Carey Price with a rebound.
3:30 of 1st period - Shot by Mikko Koivu.
3:30 of 1st period - Deflect By Mathieu Perreault.
3:30 of 1st period - Shot Blocked by Carl Gunnarsson.
4:28 of 1st period - Shot by Patric Hornqvist.
4:28 of 1st period - Stopped by Carey Price without a rebound.
4:29 of 1st period - Ryan O'Reilly wins face-off versus Connor McDavid in ANCHORAGE ACES zone.
4:30 of 1st period - Shot by Anthony Mantha.
4:30 of 1st period - Stopped by Carey Price without a rebound.
4:31 of 1st period - Ryan O'Reilly wins face-off versus Connor McDavid in ANCHORAGE ACES zone.
4:42 of 1st period - Shot by Nikolaj Ehlers.
4:42 of 1st period - Deflect By Nathan MacKinnon.
4:42 of 1st period - Stopped by Philipp Grubauer without a rebound.
4:43 of 1st period - Boone Jenner wins face-off versus Phillip Danault in EDMONTON ICE zone.
5:02 of 1st period - Shot by Joel Eriksson Ek.
5:02 of 1st period - Shot Misses the Net.
5:23 of 1st period - Shot by Jakob Silfverberg.
5:23 of 1st period - Deflect By Phillip Danault.
5:23 of 1st period - Stopped by Philipp Grubauer without a rebound.
5:24 of 1st period - Connor McDavid wins face-off versus Ryan O'Reilly in EDMONTON ICE zone.
5:38 of 1st period - Shot by Nikolaj Ehlers.
5:38 of 1st period - Stopped by Philipp Grubauer with a rebound.
5:40 of 1st period - Shot by Nikolaj Ehlers.
5:40 of 1st period - Shot Blocked by Ryan O'Reilly.
5:48 of 1st period - Ben Chiarot is hit by Anthony Mantha and loses puck.
6:05 of 1st period - Minor Penalty to Connor McDavid for Roughing.
6:06 of 1st period - Phillip Danault wins face-off versus Vincent Trocheck in ANCHORAGE ACES zone.
6:29 of 1st period - Shot by Patric Hornqvist.
6:29 of 1st period - Stopped by Carey Price without a rebound.
6:30 of 1st period - Ryan O'Reilly wins face-off versus Phillip Danault in ANCHORAGE ACES zone.
6:48 of 1st period - Minor Penalty to Anthony Mantha for Roughing.
6:49 of 1st period - Ryan O'Reilly wins face-off versus Nate Thompson in EDMONTON ICE zone.
7:01 of 1st period - Timo Meier is hit by Shea Weber and loses puck.
7:12 of 1st period - Shot by Nathan MacKinnon.
7:12 of 1st period - Stopped by Philipp Grubauer without a rebound.
7:13 of 1st period - Mikko Koivu wins face-off versus Nate Thompson in EDMONTON ICE zone.
7:44 of 1st period - Shot by Nathan MacKinnon.
7:44 of 1st period - Shot Blocked by Joel Eriksson Ek.
7:51 of 1st period - Icing by Jack Johnson.
7:52 of 1st period - Nikolaj Ehlers wins face-off versus Mikko Koivu in EDMONTON ICE zone.
7:53 of 1st period - Shot by Artturi Lehkonen.
7:53 of 1st period - Shot Misses the Net.
8:17 of 1st period - Shot by Phillip Danault.
8:17 of 1st period - Shot Misses the Net.
8:41 of 1st period - Shot by Jakob Silfverberg.
8:41 of 1st period - Shot Blocked by Ondrej Kase.
8:43 of 1st period - Shot by Nikolaj Ehlers.
8:43 of 1st period - Shot Blocked by Colton Parayko.
8:45 of 1st period - Shot by Jakob Silfverberg.
8:45 of 1st period - Stopped by Philipp Grubauer with a rebound.
8:47 of 1st period - Shot by Ben Chiarot.
8:47 of 1st period - Shot Misses the Net.
8:49 of 1st period - Shot by Jacob de la Rose.
8:49 of 1st period - Stopped by Philipp Grubauer without a rebound.
8:50 of 1st period - Ryan O'Reilly wins face-off versus Jacob de la Rose in EDMONTON ICE zone.
9:07 of 1st period - Shot by Anthony Mantha.
9:07 of 1st period - Stopped by Carey Price without a rebound.
9:08 of 1st period - Patric Hornqvist wins face-off versus Curtis Lazar in ANCHORAGE ACES zone.
9:09 of 1st period - Shot by Timo Meier.
9:09 of 1st period - Stopped by Carey Price with a rebound.
9:33 of 1st period - Shot by Curtis Lazar.
9:33 of 1st period - Goal by Curtis Lazar - ANCHORAGE ACES : 1 - EDMONTON ICE : 0.
9:34 of 1st period - Phillip Danault wins face-off versus Ryan O'Reilly in neutral zone.
9:39 of 1st period - Shot by Chris Kreider.
9:39 of 1st period - Shot Blocked by Ryan Graves.
10:09 of 1st period - Shot by Ryan O'Reilly.
10:09 of 1st period - Stopped by Carey Price without a rebound.
10:10 of 1st period - Patric Hornqvist wins face-off versus Connor McDavid in ANCHORAGE ACES zone.
10:17 of 1st period - Nikolaj Ehlers is hit by Timo Meier and loses puck.
10:38 of 1st period - Vincent Trocheck is hit by Nikolaj Ehlers and loses puck.
11:19 of 1st period - Shot by Boone Jenner.
11:19 of 1st period - Shot Misses the Net.
11:41 of 1st period - Shot by Chris Kreider.
11:41 of 1st period - Shot Blocked by Anthony Bitetto.
11:49 of 1st period - Shot by Phillip Danault.
11:49 of 1st period - Shot Misses the Net.
11:51 of 1st period - Shot by Zachary Werenski.
11:51 of 1st period - Shot Misses the Net.
12:22 of 1st period - Shot by Nate Thompson.
12:22 of 1st period - Deflect By Jacob de la Rose.
12:22 of 1st period - Stopped by Philipp Grubauer with a rebound.
12:24 of 1st period - Shot by Jacob de la Rose.
12:24 of 1st period - Stopped by Philipp Grubauer without a rebound.
12:25 of 1st period - Curtis Lazar wins face-off versus Ryan O'Reilly in EDMONTON ICE zone.
12:44 of 1st period - Shot by Cal Clutterbuck.
12:44 of 1st period - Shot Misses the Net.
12:46 of 1st period - Shot by Cal Clutterbuck.
12:46 of 1st period - Stopped by Philipp Grubauer without a rebound.
12:47 of 1st period - Connor McDavid wins face-off versus Vincent Trocheck in EDMONTON ICE zone.
13:17 of 1st period - Nikolaj Ehlers is hit by Shea Theodore and loses puck.
13:19 of 1st period - Minor Penalty to Shea Theodore for Roughing.
13:20 of 1st period - Mikko Koivu wins face-off versus Nikolaj Ehlers in EDMONTON ICE zone.
13:54 of 1st period - Shot by Seth Jones.
13:54 of 1st period - Stopped by Philipp Grubauer without a rebound.
13:55 of 1st period - Boone Jenner wins face-off versus Nathan MacKinnon in EDMONTON ICE zone.
14:37 of 1st period - Shot by Chris Kreider.
14:37 of 1st period - Shot Misses the Net.
14:39 of 1st period - Shot by Nathan MacKinnon.
14:39 of 1st period - Shot Misses the Net.
14:41 of 1st period - Shot by Ben Chiarot.
14:41 of 1st period - Goal by Ben Chiarot - ANCHORAGE ACES : 2 - EDMONTON ICE : 0.
14:42 of 1st period - Jacob de la Rose wins face-off versus Phil Kessel in neutral zone.
14:59 of 1st period - Shot by Jacob de la Rose.
14:59 of 1st period - Shot Misses the Net.
15:37 of 1st period - Icing by Shea Weber.
15:38 of 1st period - Jacob de la Rose wins face-off versus Vincent Trocheck in ANCHORAGE ACES zone.
15:38 of 1st period - Jacob de la Rose is hit by Vincent Trocheck.
15:41 of 1st period - Minor Penalty to Timo Meier for Interference.
15:42 of 1st period - Boone Jenner wins face-off versus Chris Kreider in EDMONTON ICE zone.
16:19 of 1st period - Ben Chiarot is hit by Boone Jenner and loses puck.
17:07 of 1st period - Off-side.
17:08 of 1st period - Phillip Danault wins face-off versus Mikko Koivu in neutral zone.
17:13 of 1st period - Shot by Seth Jones.
17:13 of 1st period - Shot Blocked by Jack Johnson.
17:15 of 1st period - Shot by Jakob Silfverberg.
17:15 of 1st period - Stopped by Philipp Grubauer without a rebound.
17:16 of 1st period - Nathan MacKinnon wins face-off versus Boone Jenner in EDMONTON ICE zone.
17:25 of 1st period - Shot by Chris Kreider.
17:25 of 1st period - Stopped by Philipp Grubauer without a rebound.
17:26 of 1st period - Boone Jenner wins face-off versus Phillip Danault in EDMONTON ICE zone.
18:09 of 1st period - Icing by Vincent Trocheck.
18:10 of 1st period - Connor McDavid wins face-off versus Vincent Trocheck in EDMONTON ICE zone.
18:10 of 1st period - Connor McDavid is hit by Ryan Graves.
18:13 of 1st period - Nikolaj Ehlers is hit by Shea Theodore and loses puck.
18:38 of 1st period - Shot by Connor McDavid.
18:38 of 1st period - Shot Misses the Net.
18:42 of 1st period - Shot by Nathan MacKinnon.
18:42 of 1st period - Stopped by Philipp Grubauer with a rebound.
19:17 of 1st period - Anthony Mantha is hit by Ben Chiarot and loses puck.
19:56 of 1st period - Icing by Anthony Bitetto.
19:57 of 1st period - Curtis Lazar wins face-off versus Boone Jenner in EDMONTON ICE zone.
Goals for this period are 2 for ANCHORAGE ACES vs 0 for EDMONTON ICE.
Shots for this period are 16 for ANCHORAGE ACES vs 7 for EDMONTON ICE.

2nd period


0:01 of 2nd period - Ryan O'Reilly wins face-off versus Connor McDavid in neutral zone.
0:10 of 2nd period - Shot by Phil Kessel.
0:10 of 2nd period - Stopped by Carey Price with a rebound.
0:26 of 2nd period - Shot by Nikolaj Ehlers.
0:26 of 2nd period - Shot Misses the Net.
0:28 of 2nd period - Shot by Nikolaj Ehlers.
0:28 of 2nd period - Stopped by Philipp Grubauer with a rebound.
0:44 of 2nd period - Shot by Connor McDavid.
0:44 of 2nd period - Stopped by Philipp Grubauer without a rebound.
0:45 of 2nd period - Patric Hornqvist wins face-off versus Phillip Danault in EDMONTON ICE zone.
1:12 of 2nd period - Shot by Vincent Trocheck.
1:12 of 2nd period - Shot Misses the Net.
1:14 of 2nd period - Shot by Ryan Graves.
1:14 of 2nd period - Shot Blocked by Chris Kreider.
1:16 of 2nd period - Shot by Timo Meier.
1:16 of 2nd period - Shot Misses the Net.
1:26 of 2nd period - Shot by Patric Hornqvist.
1:26 of 2nd period - Deflect By Timo Meier.
1:26 of 2nd period - Stopped by Carey Price with a rebound.
1:28 of 2nd period - Shot by Shea Theodore.
1:28 of 2nd period - Stopped by Carey Price without a rebound.
1:29 of 2nd period - Boone Jenner wins face-off versus Nikolaj Ehlers in ANCHORAGE ACES zone.
1:31 of 2nd period - Minor Penalty to Ondrej Kase for Holding.
1:32 of 2nd period - Nathan MacKinnon wins face-off versus Boone Jenner in EDMONTON ICE zone.
2:38 of 2nd period - Ryan Graves is hit by Jakob Silfverberg and loses puck.
3:31 of 2nd period - Shot by Nathan MacKinnon.
3:31 of 2nd period - Goal by Nathan MacKinnon - ANCHORAGE ACES : 3 - EDMONTON ICE : 0.
3:32 of 2nd period - Curtis Lazar wins face-off versus Phil Kessel in neutral zone.
3:46 of 2nd period - Icing by Jeff Petry.
3:47 of 2nd period - Ryan O'Reilly wins face-off versus Jacob de la Rose in EDMONTON ICE zone.
3:47 of 2nd period - Anthony Mantha is hit by Nate Thompson and loses puck.
3:57 of 2nd period - Shot by Ryan O'Reilly.
3:57 of 2nd period - Stopped by Carey Price without a rebound.
3:58 of 2nd period - Boone Jenner wins face-off versus Connor McDavid in ANCHORAGE ACES zone.
4:15 of 2nd period - Shot by Nathan MacKinnon.
4:15 of 2nd period - Stopped by Philipp Grubauer without a rebound.
4:16 of 2nd period - Ryan O'Reilly wins face-off versus Jakob Silfverberg in EDMONTON ICE zone.
5:05 of 2nd period - Shot by Jakob Silfverberg.
5:05 of 2nd period - Deflect By Chris Kreider.
5:05 of 2nd period - Stopped by Philipp Grubauer without a rebound.
5:06 of 2nd period - Connor McDavid wins face-off versus Vincent Trocheck in EDMONTON ICE zone.
5:07 of 2nd period - Shot by Nathan MacKinnon.
5:07 of 2nd period - Stopped by Philipp Grubauer without a rebound.
5:08 of 2nd period - Vincent Trocheck wins face-off versus Connor McDavid in EDMONTON ICE zone.
5:32 of 2nd period - Shot by Patric Hornqvist.
5:32 of 2nd period - Shot Misses the Net.
5:51 of 2nd period - Shot by Timo Meier.
5:51 of 2nd period - Shot Misses the Net.
5:53 of 2nd period - Shot by Timo Meier.
5:53 of 2nd period - Stopped by Carey Price with a rebound.
5:55 of 2nd period - Shot by Colton Parayko.
5:55 of 2nd period - Stopped by Carey Price without a rebound.
5:56 of 2nd period - Boone Jenner wins face-off versus Phillip Danault in ANCHORAGE ACES zone.
6:16 of 2nd period - Shot by Phillip Danault.
6:16 of 2nd period - Shot Misses the Net.
6:18 of 2nd period - Shot by Chris Kreider.
6:18 of 2nd period - Shot Blocked by Ondrej Kase.
6:20 of 2nd period - Shot by Chris Kreider.
6:20 of 2nd period - Shot Misses the Net.
7:03 of 2nd period - Curtis Lazar is hit by Anthony Bitetto.
7:08 of 2nd period - Artturi Lehkonen is hit by Anthony Bitetto and loses puck.
7:12 of 2nd period - Minor Penalty to Anthony Bitetto for Tripping.
7:13 of 2nd period - Mikko Koivu wins face-off versus Nathan MacKinnon in EDMONTON ICE zone.
7:13 of 2nd period - Mikko Koivu is hit by Chris Kreider.
8:50 of 2nd period - Shot by Nikolaj Ehlers.
8:50 of 2nd period - Shot Misses the Net.
9:24 of 2nd period - Shot by Ryan O'Reilly.
9:24 of 2nd period - Goal by Ryan O'Reilly - ANCHORAGE ACES : 3 - EDMONTON ICE : 1.
9:25 of 2nd period - Vincent Trocheck wins face-off versus Curtis Lazar in neutral zone.
9:34 of 2nd period - Shot by Patric Hornqvist.
9:34 of 2nd period - Shot Misses the Net.
10:36 of 2nd period - Shot by Ryan O'Reilly.
10:36 of 2nd period - Shot Misses the Net.
10:59 of 2nd period - Cal Clutterbuck is hit by Ryan Graves and loses puck.
11:52 of 2nd period - Shot by Vincent Trocheck.
11:52 of 2nd period - Stopped by Carey Price without a rebound.
11:53 of 2nd period - Vincent Trocheck wins face-off versus Connor McDavid in ANCHORAGE ACES zone.
12:37 of 2nd period - Shot by Nikolaj Ehlers.
12:37 of 2nd period - Stopped by Philipp Grubauer without a rebound.
12:38 of 2nd period - Ryan O'Reilly wins face-off versus Phillip Danault in EDMONTON ICE zone.
13:14 of 2nd period - Icing by Ryan Graves.
13:15 of 2nd period - Jacob de la Rose wins face-off versus Ryan O'Reilly in EDMONTON ICE zone.
13:23 of 2nd period - Ryan O'Reilly is hit by Jacob de la Rose and loses puck.
13:50 of 2nd period - Shot by Timo Meier.
13:50 of 2nd period - Stopped by Carey Price with a rebound.
14:04 of 2nd period - Shot by Patric Hornqvist.
14:04 of 2nd period - Stopped by Carey Price without a rebound.
14:05 of 2nd period - Connor McDavid wins face-off versus Boone Jenner in ANCHORAGE ACES zone.
14:19 of 2nd period - Off-side.
14:20 of 2nd period - Phillip Danault wins face-off versus Vincent Trocheck in neutral zone.
14:27 of 2nd period - Shot by Chris Kreider.
14:27 of 2nd period - Deflect By Phillip Danault.
14:27 of 2nd period - Stopped by Philipp Grubauer without a rebound.
14:28 of 2nd period - Connor McDavid wins face-off versus Ryan O'Reilly in EDMONTON ICE zone.
14:42 of 2nd period - Icing by Ben Chiarot.
14:43 of 2nd period - Vincent Trocheck wins face-off versus Connor McDavid in ANCHORAGE ACES zone.
14:47 of 2nd period - Minor Penalty to Ben Chiarot for Slashing.
14:48 of 2nd period - Phillip Danault wins face-off versus Ryan O'Reilly in ANCHORAGE ACES zone.
14:54 of 2nd period - Icing by Shea Theodore.
14:55 of 2nd period - Phillip Danault wins face-off versus Ryan O'Reilly in EDMONTON ICE zone.
15:37 of 2nd period - Shot by Timo Meier.
15:37 of 2nd period - Stopped by Carey Price without a rebound.
15:38 of 2nd period - Phillip Danault wins face-off versus Vincent Trocheck in ANCHORAGE ACES zone.
15:49 of 2nd period - Shot by Patric Hornqvist.
15:49 of 2nd period - Shot Misses the Net.
16:21 of 2nd period - Shot by Joel Eriksson Ek.
16:21 of 2nd period - Deflect By Vincent Trocheck.
16:21 of 2nd period - Shot Blocked by Jakob Silfverberg.
16:57 of 2nd period - Shot by Nathan MacKinnon.
16:57 of 2nd period - Stopped by Philipp Grubauer without a rebound.
16:58 of 2nd period - Connor McDavid wins face-off versus Mikko Koivu in EDMONTON ICE zone.
17:08 of 2nd period - Shot by Nikolaj Ehlers.
17:08 of 2nd period - Shot Misses the Net.
17:25 of 2nd period - Icing by Ondrej Kase.
17:26 of 2nd period - Mikko Koivu wins face-off versus Nate Thompson in EDMONTON ICE zone.
17:26 of 2nd period - Mathieu Perreault is hit by Jacob de la Rose.
17:37 of 2nd period - Minor Penalty to Nathan Beaulieu for Tripping.
17:38 of 2nd period - Ryan O'Reilly wins face-off versus Phillip Danault in ANCHORAGE ACES zone.
18:14 of 2nd period - Shot by Ryan O'Reilly.
18:14 of 2nd period - Shot Misses the Net.
18:36 of 2nd period - Shot by Vincent Trocheck.
18:36 of 2nd period - Stopped by Carey Price without a rebound.
18:37 of 2nd period - Jacob de la Rose wins face-off versus Vincent Trocheck in ANCHORAGE ACES zone.
Goals for this period are 1 for ANCHORAGE ACES vs 1 for EDMONTON ICE.
Shots for this period are 9 for ANCHORAGE ACES vs 12 for EDMONTON ICE.

3rd period


0:01 of 3rd period - Ryan O'Reilly wins face-off versus Connor McDavid in neutral zone.
0:15 of 3rd period - Shot by Connor McDavid.
0:15 of 3rd period - Stopped by Philipp Grubauer without a rebound.
0:16 of 3rd period - Vincent Trocheck wins face-off versus Phillip Danault in EDMONTON ICE zone.
0:16 of 3rd period - Vincent Trocheck is hit by Chris Kreider.
0:46 of 3rd period - Shot by Timo Meier.
0:46 of 3rd period - Deflect By Patric Hornqvist.
0:46 of 3rd period - Stopped by Carey Price without a rebound.
0:47 of 3rd period - Anthony Mantha wins face-off versus Connor McDavid in ANCHORAGE ACES zone.
1:02 of 3rd period - Shot by Connor McDavid.
1:02 of 3rd period - Stopped by Philipp Grubauer without a rebound.
1:03 of 3rd period - Boone Jenner wins face-off versus Curtis Lazar in EDMONTON ICE zone.
1:26 of 3rd period - Shot by Boone Jenner.
1:26 of 3rd period - Stopped by Carey Price without a rebound.
1:27 of 3rd period - Ryan O'Reilly wins face-off versus Connor McDavid in ANCHORAGE ACES zone.
1:33 of 3rd period - Minor Penalty to Shea Weber for Roughing.
1:34 of 3rd period - Ryan O'Reilly wins face-off versus Phillip Danault in ANCHORAGE ACES zone.
2:38 of 3rd period - Vincent Trocheck is hit by Seth Jones and loses puck.
2:43 of 3rd period - Shot by Patric Hornqvist.
2:43 of 3rd period - Stopped by Carey Price without a rebound.
2:44 of 3rd period - Phillip Danault wins face-off versus Vincent Trocheck in ANCHORAGE ACES zone.
3:08 of 3rd period - Shot by Patric Hornqvist.
3:08 of 3rd period - Shot Misses the Net.
3:42 of 3rd period - Shot by Nathan MacKinnon.
3:42 of 3rd period - Shot Misses the Net.
3:48 of 3rd period - Carl Gunnarsson is hit by Ondrej Kase.
4:26 of 3rd period - Shot by Ryan O'Reilly.
4:26 of 3rd period - Shot Hit the Post.
4:28 of 3rd period - Shot by Ryan O'Reilly.
4:28 of 3rd period - Shot Blocked by Carl Gunnarsson.
4:35 of 3rd period - Minor Penalty to Carl Gunnarsson for Cross-checking.
4:36 of 3rd period - Ryan O'Reilly wins face-off versus Phillip Danault in ANCHORAGE ACES zone.
5:03 of 3rd period - Shot by Ryan O'Reilly.
5:03 of 3rd period - Stopped by Carey Price without a rebound.
5:04 of 3rd period - Phillip Danault wins face-off versus Patric Hornqvist in ANCHORAGE ACES zone.
7:16 of 3rd period - Shot by Connor McDavid.
7:16 of 3rd period - Deflect By Nathan MacKinnon.
7:16 of 3rd period - Stopped by Philipp Grubauer without a rebound.
7:17 of 3rd period - Vincent Trocheck wins face-off versus Curtis Lazar in EDMONTON ICE zone.
7:51 of 3rd period - Shot by Vincent Trocheck.
7:51 of 3rd period - Goal by Vincent Trocheck - ANCHORAGE ACES : 3 - EDMONTON ICE : 2.
7:52 of 3rd period - Ryan O'Reilly wins face-off versus Phillip Danault in neutral zone.
8:28 of 3rd period - Shot by Phillip Danault.
8:28 of 3rd period - Stopped by Philipp Grubauer without a rebound.
8:29 of 3rd period - Boone Jenner wins face-off versus Connor McDavid in EDMONTON ICE zone.
8:50 of 3rd period - Off-side.
8:51 of 3rd period - Vincent Trocheck wins face-off versus Curtis Lazar in neutral zone.
9:00 of 3rd period - Shot by Curtis Lazar.
9:00 of 3rd period - Stopped by Philipp Grubauer without a rebound.
9:01 of 3rd period - Ryan O'Reilly wins face-off versus Phillip Danault in EDMONTON ICE zone.
9:10 of 3rd period - Shot by Phillip Danault.
9:10 of 3rd period - Deflect By Jakob Silfverberg.
9:10 of 3rd period - Stopped by Philipp Grubauer without a rebound.
9:11 of 3rd period - Ryan O'Reilly wins face-off versus Phillip Danault in EDMONTON ICE zone.
9:36 of 3rd period - Shot by Chris Kreider.
9:36 of 3rd period - Deflect By Phillip Danault.
9:36 of 3rd period - Stopped by Philipp Grubauer with a rebound.
9:51 of 3rd period - Shot by Ryan O'Reilly.
9:51 of 3rd period - Shot Misses the Net.
11:36 of 3rd period - Off-side.
11:37 of 3rd period - Phil Kessel wins face-off versus Jacob de la Rose in neutral zone.
12:19 of 3rd period - Icing by Jeff Petry.
12:20 of 3rd period - Phillip Danault wins face-off versus Anthony Mantha in EDMONTON ICE zone.
12:21 of 3rd period - Shot by Chris Kreider.
12:21 of 3rd period - Shot Misses the Net.
12:24 of 3rd period - Icing by Jeff Petry.
12:25 of 3rd period - Chris Kreider wins face-off versus Phil Kessel in EDMONTON ICE zone.
12:57 of 3rd period - Off-side.
12:58 of 3rd period - Connor McDavid wins face-off versus Vincent Trocheck in neutral zone.
13:08 of 3rd period - Connor McDavid is hit by Ryan Graves.
13:10 of 3rd period - Shot by Nikolaj Ehlers.
13:10 of 3rd period - Shot Blocked by Ryan Graves.
13:19 of 3rd period - Patric Hornqvist is hit by Shea Weber and loses puck.
13:22 of 3rd period - Shot by Timo Meier.
13:22 of 3rd period - Stopped by Carey Price without a rebound.
13:23 of 3rd period - Phillip Danault wins face-off versus Boone Jenner in ANCHORAGE ACES zone.
13:39 of 3rd period - Shot by Chris Kreider.
13:39 of 3rd period - Stopped by Philipp Grubauer with a rebound.
13:41 of 3rd period - Shot by Ben Chiarot.
13:41 of 3rd period - Stopped by Philipp Grubauer with a rebound.
14:22 of 3rd period - Off-side.
14:23 of 3rd period - Vincent Trocheck wins face-off versus Connor McDavid in neutral zone.
14:32 of 3rd period - Shot by Patric Hornqvist.
14:32 of 3rd period - Stopped by Carey Price without a rebound.
14:33 of 3rd period - Ryan O'Reilly wins face-off versus Nathan MacKinnon in ANCHORAGE ACES zone.
14:34 of 3rd period - Shot by Phil Kessel.
14:34 of 3rd period - Stopped by Carey Price without a rebound.
14:35 of 3rd period - Connor McDavid wins face-off versus Vincent Trocheck in ANCHORAGE ACES zone.
15:00 of 3rd period - Seth Jones is hit by Timo Meier.
16:19 of 3rd period - Shot by Anthony Mantha.
16:19 of 3rd period - Deflect By Ryan O'Reilly.
16:19 of 3rd period - Stopped by Carey Price without a rebound.
16:20 of 3rd period - Boone Jenner wins face-off versus Curtis Lazar in ANCHORAGE ACES zone.
16:23 of 3rd period - Shot by Ondrej Kase.
16:23 of 3rd period - Shot Misses the Net.
16:33 of 3rd period - Joel Eriksson Ek is hit by Cal Clutterbuck.
16:36 of 3rd period - Minor Penalty to Cal Clutterbuck for Tripping.
16:37 of 3rd period - Jacob de la Rose wins face-off versus Ryan O'Reilly in ANCHORAGE ACES zone.
17:49 of 3rd period - Shot by Colton Parayko.
17:49 of 3rd period - Shot Misses the Net.
17:51 of 3rd period - Shot by Ryan Graves.
17:51 of 3rd period - Shot Misses the Net.
17:53 of 3rd period - Shot by Ryan Graves.
17:53 of 3rd period - Shot Blocked by Jakob Silfverberg.
17:55 of 3rd period - Shot by Vincent Trocheck.
17:55 of 3rd period - Shot Blocked by Ben Chiarot.
17:57 of 3rd period - Shot by Vincent Trocheck.
17:57 of 3rd period - Shot Misses the Net.
17:59 of 3rd period - Shot by Colton Parayko.
17:59 of 3rd period - Stopped by Carey Price without a rebound.
18:00 of 3rd period - Vincent Trocheck wins face-off versus Artturi Lehkonen in ANCHORAGE ACES zone.
18:16 of 3rd period - Off-side.
18:17 of 3rd period - Vincent Trocheck wins face-off versus Phillip Danault in neutral zone.
18:58 of 3rd period - Shot by Nikolaj Ehlers.
18:58 of 3rd period - Stopped by Philipp Grubauer without a rebound.
18:59 of 3rd period - Curtis Lazar wins face-off versus Ryan O'Reilly in EDMONTON ICE zone.
19:11 of 3rd period - Shot by Cal Clutterbuck.
19:11 of 3rd period - Shot Blocked by Jeff Petry.
19:13 of 3rd period - Shot by Cal Clutterbuck.
19:13 of 3rd period - Shot Hit the Post.
19:26 of 3rd period - EDMONTON ICE, Philipp Grubauer is pulled from the net.
Goals for this period are 0 for ANCHORAGE ACES vs 1 for EDMONTON ICE.
Shots for this period are 10 for ANCHORAGE ACES vs 10 for EDMONTON ICE.


SCOTT
LAUGHTON
IGOR
SHESTERKIN
ALEX
TUCH

EAST COAST

HOCKEY LEAGUE

  • 9.CHI2QUE6
  • 10.LIM2CHA3
  • 11.LON6TRV4
  • 12.BAL3CHW2
  • 13.MANPIT
  • 14.NHWATL
  • 15.PETWOR
  • 16.RHI